 Dungeon Crawl Stone Soup version 0.17.1-2-g5865329 (webtiles) character file.

8943 PossumBlood the Severer (level 11, -4/99 HPs)
             Began as a Minotaur Fighter on Jan 18, 2016.
             Was a High Priest of Okawaru.
             Slain by an 11-headed hydra (7 damage)
             ... on level 11 of the Dungeon.
             The game lasted 00:37:21 (10330 turns).

PossumBlood the Severer (Minotaur Fighter)         Turns: 10330, Time: 00:37:22

Health: -4/99      AC: 16    Str: 35    XL:     11   Next: 16%
Magic:  8/10       EV: 13    Int:  8    God:    Okawaru [*****.]
Gold:   334        SH: 18    Dex: 15    Spells: 0 memorised, 10 levels left

rFire  . . .     SeeInvis +     a - +1 war axe
rCold  . . .     Clarity  .     C - +1 ring mail of Intercession {rN+ Str+5 Int+3}
rNeg   + . .     SustAt   .     M - +5 shield of Xufahio {Dex+6}
rPois  .         Gourm    .     (helmet restricted)
rElec  .         Spirit   .     y - +1 cloak
rCorr  .         Warding  .     E - +0 pair of gloves
rMut   .         Stasis   .     z - +2 pair of boots
MR     .....                    (no amulet)
Stlth  ++........               l - +5 ring of strength
                                n - ring of see invisible

@: heroism, not resistant to hostile enchantments, unstealthy
A: retaliatory headbutt, horns 2
a: Heroism, Finesse, Renounce Religion


You were on level 11 of the Dungeon.
You worshipped Okawaru.
Okawaru was extremely pleased with you.
You were not hungry.

You visited 2 branches of the dungeon, and saw 12 of its levels.

You collected 554 gold pieces.
You spent 220 gold pieces at shops.

Inventory:

Hand Weapons
 a - a +1 war axe (weapon)
 e - the +11 dagger of the Warrior-Mage {elec, -Tele +Inv rN+}
   (You found it on level 10 of the Dungeon)

   Occasionally, upon striking a foe, it will discharge some electrical energy
   and cause terrible harm.
   It protects you from negative energy.
   It lets you turn invisible.
   It prevents most forms of teleportation.
Missiles
 w - 14 tomahawks (quivered)
Armour
 b - a +0 scale mail
 c - a +0 shield
 x - a +0 plate armour
 y - a +1 cloak (worn)
 z - a +2 pair of boots (worn)
 C - the +1 ring mail of Intercession (worn) {rN+ Str+5 Int+3}
   (You found it on level 7 of the Dungeon)

   It affects your strength (+5).
   It affects your intelligence (+3).
   It protects you from negative energy.
 E - a +0 pair of gloves (worn)
 L - the +3 chain mail "Biusiri" {rElec rPois MP+9 Dex-3}
   (You found it on level 10 of the Dungeon)

   It affects your dexterity (-3).
   It insulates you from electricity.
   It protects you from poison.
   It affects your magic capacity (+9).
 M - the +5 shield of Xufahio (worn) {Dex+6}
   (Okawaru gifted it to you on level 10 of the Dungeon)

   It affects your dexterity (+6).
Rods
 s - a +0 rod of ignition (9/9)
   (You found it on level 7 of the Dungeon)
Jewellery
 l - a +5 ring of strength (right hand)
 n - a ring of see invisible (left hand)
 A - an uncursed ring of invisibility
 D - an uncursed ring of flight
Wands
 j - a wand of fire (8)
 G - a wand of cold (7)
 H - a wand of cold (9)
Scrolls
 g - 2 scrolls of fog
 i - 4 scrolls of enchant armour
 k - 8 scrolls of remove curse
 o - a scroll of magic mapping
 p - 2 scrolls of teleportation
 u - 2 scrolls of blinking
 J - a scroll of fear
Potions
 d - a potion of might
 f - a potion of mutation {unknown}
 h - 2 potions of flight
 q - 3 potions of brilliance
 r - a potion of agility {unknown}
 t - 2 potions of haste
 B - 2 potions of lignification
 K - a potion of cancellation {unknown}
Books
 v - a book of Beasts

   Spells                             Type                      Level
   a - Summon Butterflies             Summoning                    1
   b - Call Canine Familiar           Summoning                    3
   c - Summon Ice Beast               Ice/Summoning                4
   d - Summon Mana Viper              Hexes/Summoning              5
   e - Summon Hydra                   Summoning                    7
Comestibles
 m - 2 meat rations
 F - a beef jerky
 I - 24 royal jellies


   Skills:
 - Level 10.0(15.0) Fighting
 - Level 16.0(21.0) Axes
 + Level 8.7(13.7) Armour
 - Level 3.6(8.6) Shields


You had 10 spell levels left.
You didn't know any spells.

Dungeon Overview and Level Annotations

Branches:
Dungeon (11/15)            Temple (1/1) D:4             Orc (0/4) D:9
   Lair: D:8-11

Altars:
Ashenzari
Cheibriados
Dithmenos
Elyvilon
Fedhas
Gozag
Kikubaaqudgha
Makhleb
Nemelex Xobeh
Okawaru
Qazlal
Ru
Sif Muna
Trog
Vehumet
Xom
Yredelemnul
Zin
The Shining One

Shops:
D:4 *   D:6 *   D:9 (


Innate Abilities, Weirdness & Mutations

You reflexively headbutt those who attack you in melee.
You have a pair of horns on your head.


Message History

The ten-headed hydra is severely wounded.
You block the ten-headed hydra's attack. x2
The ten-headed hydra bites you.
* * * LOW HITPOINT WARNING * * *
You block the ten-headed hydra's attack.
The ten-headed hydra bites you!
* * * LOW HITPOINT WARNING * * *
The ten-headed hydra barely misses you.
You block the ten-headed hydra's attack. x2
The ten-headed hydra bites you but does no damage.
The ten-headed hydra barely misses you.
You lop one of the ten-headed hydra's heads off!
The nine-headed hydra grows two more!
You slash the 11-headed hydra!
The 11-headed hydra is severely wounded.
Unknown command.
You hit the 11-headed hydra but do no damage.
You headbutt the 11-headed hydra!
The 11-headed hydra is almost dead.
The 11-headed hydra bites you!
You die...

#..... .... ....
... ..# ##+##.#
#...#.# #...#.# #
#..D@.# .#
#...#.######..#
#...#.........#
#...#.....(...#
#...#.........#
..#####..########
.......<.#
.........#
.........#


You could see a 11-headed hydra.

Vanquished Creatures
  The ghost of Clownie the Thaumaturge, a novice VSAE of Yredelemnul (D:8)
  A hill giant (D:10)
  The ghost of Faustar the Fighter, a novice GrBe of Trog (D:5)
  A centaur skeleton (D:10)
  A queen bee (D:10)
  A troll (D:10)
  Prince Ribbit (D:7)
  A wyvern (D:9)
  6 yaks (D:10)
  Menkaure (D:7)
  A hippogriff (D:10)
  3 wargs (D:9)
  A necrophage (D:9)
  4 orc warriors (D:9)
  2 sky beasts
  2 black bears (D:9)
  3 phantoms
  3 centaurs
  2 ice beasts
  2 ogres
  An elf zombie (D:8)
  An elf skeleton (D:8)
  6 giant frogs
  2 scorpions
  2 crimson imps
  28 killer bees (D:10)
  A giant frog zombie (D:9)
  Crazy Yiuf (D:3)
  A gnoll shaman (D:9)
  2 human zombies (D:8)
  7 jellies
  8 orc priests
  Terence (D:3)
  9 orc wizards
  Natasha (twice) (D:3)
  A human skeleton (D:8)
  7 worker ants
  3 iguanas
  2 hound zombies
  3 hound skeletons
  A mummy (D:8)
  10 gnolls
  A shadow imp (D:7)
  7 adders
  8 oozes
  An adder zombie (D:9)
  2 adder skeletons
  2 worms
  4 giant geckos
  35 orcs
  9 bats
  4 giant cockroaches
  7 goblins
  4 hobgoblins
  15 jackals
  8 kobolds
  A quokka (D:3)
  6 ball pythons
  4 giant newts
  2 hobgoblin zombies (D:8)
  A jackal zombie (D:7)
  An orc skeleton (D:8)
  2 orc zombies (D:8)
  A quokka skeleton (D:4)
  A quokka zombie (D:5)
  7 rats
270 creatures vanquished.

Notes
Turn   | Place    | Note
--------------------------------------------------------------
     0 | D:1      | PossumBlood the Minotaur Fighter began the quest for the Orb.
     0 | D:1      | Reached XP level 1. HP: 19/19 MP: 0/0
   270 | D:1      | Reached XP level 2. HP: 26/26 MP: 1/1
   646 | D:2      | Reached skill level 4 in Axes
   647 | D:2      | Reached XP level 3. HP: 29/31 MP: 2/2
  1179 | D:2      | Reached skill level 5 in Axes
  1286 | D:3      | Noticed Terence
  1297 | D:3      | Killed Terence
  1297 | D:3      | Reached XP level 4. HP: 36/39 MP: 3/3
  1495 | D:3      | Reached skill level 6 in Axes
  1496 | D:3      | Reached XP level 5. HP: 36/45 MP: 4/4
  1501 | D:3      | Reached skill level 7 in Axes
  1594 | D:3      | Found a shattered altar of Ashenzari.
  1689 | D:3      | Noticed Crazy Yiuf
  1694 | D:3      | Killed Crazy Yiuf
  2220 | D:3      | Noticed Natasha
  2225 | D:3      | Killed Natasha
  2225 | D:3      | Reached XP level 6. HP: 48/51 MP: 5/5
  2248 | D:3      | Noticed Natasha
  2253 | D:3      | Killed Natasha
  2345 | D:4      | Reached skill level 8 in Axes
  2529 | D:4      | Found a staircase to the Ecumenical Temple.
  2550 | Temple   | Entered the Ecumenical Temple
  2725 | Temple   | Became a worshipper of Warmaster Okawaru
  3015 | D:4      | Found Biylontoj's Elemental Accessories.
  3076 | D:4      | You fall through a shaft!
  3076 | D:5      | Entered Level 5 of the Dungeon
  3080 | D:5      | Reached skill level 9 in Axes
  3080 | D:5      | Reached XP level 7. HP: 54/57 MP: 6/6
  3502 | D:5      | Noticed Faustar's ghost (novice GrBe)
  3511 | D:5      | Killed Faustar's ghost
  3511 | D:5      | Reached * piety under Okawaru
  3511 | D:5      | Reached skill level 11 in Axes
  3511 | D:5      | Reached XP level 8. HP: 41/64 MP: 7/7
  4090 | D:6      | Reached skill level 12 in Axes
  4139 | D:6      | Reached ** piety under Okawaru
  4314 | D:6      | Reached skill level 13 in Axes
  4325 | D:6      | HP: 3/64 [centaur (8)]
  4956 | D:6      | Found Teotear's Assorted Antiques.
  4961 | D:6      | Bought a scroll labeled VOZXI SEPH for 21 gold pieces
  4961 | D:6      | Bought a pair of glowing boots for 94 gold pieces
  4961 | D:6      | Bought a tubular marble ring for 105 gold pieces
  5248 | D:7      | Noticed Menkaure
  5257 | D:7      | Killed Menkaure
  5257 | D:7      | Reached XP level 9. HP: 36/70 MP: 8/8
  5865 | D:7      | Noticed Prince Ribbit
  5880 | D:7      | Killed Prince Ribbit
  5880 | D:7      | Reached skill level 14 in Axes
  5903 | D:7      | Got a steaming ring mail
  5914 | D:7      | Identified the cursed +1 ring mail of Intercession {rN+ Str+5 Int+3} (You found it on level 7 of the Dungeon)
  6397 | D:8      | Reached *** piety under Okawaru
  6537 | D:8      | Found a sand-covered staircase.
  6622 | D:8      | Noticed Clownie's ghost (novice VSAE)
  6633 | D:8      | Killed Clownie's ghost
  6633 | D:8      | Reached skill level 15 in Axes
  7273 | D:9      | Reached **** piety under Okawaru
  7278 | D:9      | Reached skill level 16 in Axes
  7318 | D:9      | Reached XP level 10. HP: 42/79 MP: 9/9
  7497 | D:9      | Found Plog's Weapon Boutique.
  7550 | D:9      | Reached skill level 5 in Fighting
  7879 | D:9      | Found a staircase to the Orcish Mines.
  8215 | D:9      | Reached ***** piety under Okawaru
  8566 | D:10     | Entered Level 10 of the Dungeon
  8754 | D:10     | Reached skill level 10 in Fighting
  8969 | D:10     | Got an encrusted chain mail
  8970 | D:10     | Identified the +3 chain mail "Biusiri" {rElec rPois MP+9 Dex-3} (You found it on level 10 of the Dungeon)
  9011 | D:10     | Reached skill level 5 in Armour
  9454 | D:10     | Got a transparent dagger
  9455 | D:10     | Identified the +11 dagger of the Warrior-Mage {elec, -Tele +Inv rN+} (You found it on level 10 of the Dungeon)
  9731 | D:10     | Reached XP level 11. HP: 96/99 MP: 10/10
 10286 | D:10     | Noticed a hill giant
 10290 | D:10     | Killed a hill giant
 10290 | D:10     | Received a gift from Okawaru
 10291 | D:10     | Got a transparent shield {god gift}
 10307 | D:10     | Identified the +5 shield of Xufahio {Dex+6} (Okawaru gifted it to you on level 10 of the Dungeon)
 10320 | D:11     | Noticed an eight-headed hydra
 10328 | D:11     | HP: 2/99 [ten-headed hydra (7)]
 10330 | D:11     | Slain by an 11-headed hydra

Action                   |  1- 3 |  4- 6 |  7- 9 | 10-12 || total
-------------------------+-------+-------+-------+-------++-------
Melee: War axe           |   102 |   102 |   254 |   292 ||   750
Invok: Heroism           |       |       |       |     2 ||     2
 Abil: Evoke Flight      |       |       |     1 |       ||     1
  Use: Potion            |       |     1 |     2 |     9 ||    12
       Scroll            |       |    13 |     5 |     4 ||    22
  Eat: Bread ration      |     1 |     1 |     2 |     2 ||     6
       Fruit             |       |       |     2 |       ||     2
       Pizza             |       |       |     1 |       ||     1
       Royal jelly       |       |       |       |     1 ||     1
